 Dungeon Crawl Stone Soup version 0.29-a0-872-g797fff5ad1 (webtiles) character file.

Game seed: 4261238243790180333

74 mathmaestro the Grave Robber (level 4, 33/33 HPs)
             Began as a Demonspawn Necromancer on July 18, 2022.
             Quit the game on level 2 of the Dungeon.
             The game lasted 00:04:11 (2085 turns).

mathmaestro the Grave Robber (DsNe)                 Turns: 2085, Time: 00:04:12

Health: 33/33      AC:  7    Str: 14    XL:     4   Next: 10%
Magic:  3/8        EV: 12    Int: 21    God:
Gold:   110        SH:  9    Dex: 13    Spells: 4/8 levels left

rFire   . . .      SeeInvis .   l - +3 dagger
rCold   . . .      Faith    .   (no shield)
rNeg    . . .      Spirit   .   n - +1 leather armour
rPois   .          Reflect  +   j - +2 helmet
rElec   .          Harm     .   (no cloak)
rCorr   .          Rampage  .   (no gloves)
Will    .....                   (no boots)
Stlth   ++........              a - amulet of reflection
HPRegen 0.11/turn               c - +6 ring of strength
MPRegen 0.11/turn               (no ring)

@: no status effects
A: big brain 1, condensation shield
a: no special abilities


You were on level 2 of the Dungeon.
You visited 1 branch of the dungeon, and saw 2 of its levels.

You collected 110 gold pieces.

Inventory:

Hand Weapons
 e - a +0 hand axe
 l - a +3 dagger (weapon)
Armour
 d - a scarf of harm
 j - a +2 helmet (worn)
 n - a +1 leather armour (worn)
Jewellery
 a - an amulet of reflection (around neck)
 c - a +6 ring of strength (left hand)
Scrolls
 f - a scroll of magic mapping
Potions
 b - a potion of magic
 h - 2 potions of curing
 k - a potion of might
 m - a potion of lignification {unknown}


   Skills:
 + Level 1.8 Fighting
 - Level 2.0 Dodging
 - Level 2.0 Stealth
 + Level 2.8 Spellcasting
 + Level 5.0 Necromancy


You had 4 spell levels left.
You knew the following spells:

 Your Spells              Type           Power      Damage    Failure   Level
a - Necrotise             Necr           96%        1d8       2%          1
b - Vampiric Draining     Necr           24%        2d7       7%          3

Your spell library contained the following spells:

 Spells                   Type           Power      Damage    Failure   Level
 Apportation              Tloc           4%         N/A       17%         1
 Animate Dead             Necr           24%        N/A       22%         4
 Agony                    Necr           24%        N/A       52%         5
 Alistair's Intoxication  Tmut/Pois      1%         N/A       99%         5


Dungeon Overview and Level Annotations

Branches:
Dungeon (2/15)

Altars:


Innate Abilities, Weirdness & Mutations

You have an unusually large brain. (Int +2)
A meltable shield of frost defends you. (SH +4)


Message History

Press: ? - help, Shift-Dir - straight line, f - hobgoblin
Aim: a hobgoblin (chance to affect: 91%)
The hobgoblin writhes in agony.
You kill the hobgoblin!
Your hobgoblin skeleton crumbles into dust!
There is a stone staircase leading down here.
An adder comes into view.
You see here a scarf of harm.
d - a scarf of harm
Casting: Necrotise (safe; 2% risk of failure)
Confirm with . or Enter, or press ? or * to list all spells.
Aiming: Necrotise (safe; 2% risk of failure)
Press: ? - help, Shift-Dir - straight line, f - adder
Aim: an adder (chance to affect: 86%)
The adder barely resists.
You block the adder's attack.
Casting: Necrotise (safe; 2% risk of failure)
Confirm with . or Enter, or press ? or * to list all spells.
Aiming: Necrotise (safe; 2% risk of failure)
Press: ? - help, Shift-Dir - straight line, f/p - adder
Aim: an adder (chance to affect: 86%)
The adder writhes in agony.
The adder bites you but does no damage.
Casting: Necrotise (safe; 2% risk of failure)
Confirm with . or Enter, or press ? or * to list all spells.
Aiming: Necrotise (safe; 2% risk of failure)
Press: ? - help, Shift-Dir - straight line, f/p - adder
Aim: an adder (heavily wounded, chance to affect: 86%)
The adder writhes in agony.
The adder closely misses you.
Casting: Necrotise (safe; 2% risk of failure)
Confirm with . or Enter, or press ? or * to list all spells.
Aiming: Necrotise (safe; 2% risk of failure)
Press: ? - help, Shift-Dir - straight line, f/p - adder
Aim: an adder (almost dead, chance to affect: 86%)
The adder writhes in agony.
You kill the adder!
The dead are slithering!
Your Necromancy skill increases to level 5!
You have reached level 4!
You feel clever.
Your demonic ancestry asserts itself...
Frost condenses into a shield before you.
Are you sure you want to abandon this character and quit the game? (Confirm with "yes".)

#######. #.......
#....... #......
#.###### ...... #.# ....
#.# # ... #.## ##. #.#
#..## #
###...#.#########...####
.......@...............'
###..Z#.######.##...#.##
##.#... #.###.##.## #
##.## #.###.##.# #.#
#........# #.#
#####.#### #.# #.# #.#
#.# #.# #####.#### ##.##
#........#


You could see a friendly adder skeleton.

Vanquished Creatures
  Terence (D:1)
  An adder (D:2)
  3 dart slugs
  3 endoplasms
  4 goblins
  3 hobgoblins
  4 jackals (D:1)
  3 kobolds
  3 quokkas
  2 bats (D:1)
  2 frilled lizards
  3 rats (D:1)
32 creatures vanquished.

Notes
Turn   | Place    | Note
-------+----------+-------------------------------------------
     0 | D:1      | mathmaestro the Demonspawn Necromancer began the quest for
                  | the Orb.
     0 | D:1      | Reached XP level 1. HP: 13/13 MP: 3/3
   295 | D:1      | Found a faded altar of an unknown god.
   301 | D:1      | Gained mutation: You have an unusually large brain. (Int
                  | +2) [demonic ancestry]
   301 | D:1      | Reached XP level 2. HP: 20/20 MP: 0/5
   792 | D:1      | Reached skill level 1 in Fighting
  1335 | D:2      | Noticed Terence
  1367 | D:1      | Killed Terence
  1368 | D:1      | Reached XP level 3. HP: 14/26 MP: 0/6
  1372 | D:1      | Learned a level 3 spell: Vampiric Draining
  2085 | D:2      | Reached skill level 5 in Necromancy
  2085 | D:2      | Gained mutation: A meltable shield of frost defends you.
                  | (SH +4) [demonic ancestry]
  2085 | D:2      | Reached XP level 4. HP: 33/33 MP: 3/8
  2085 | D:2      | Quit the game

Illustrated notes

Levels and vault maps discovered:
D:1:      roderic_chinese_lattice_arrival, layout_loops_cross,
          hellmonk_ecumenical_altar_pennies_from_heaven,
          grunt_decor_mini_mirrors, chequers_avenue, minmay_misc_feat_iff
D:2:      layout_loops_corners, uniq_terence

Skill      XL: |  1  2  3 |
---------------+----------+-----
Stealth        | 2 |  2.0
Dodging        | 2 |  2.0
Fighting       | 1 |  1.8
Necromancy     | 5 |  5.0
Spellcasting   | |  2.8

Action                   |  1- 3 |  4- 6 || total
-------------------------+-------+-------++-------
Melee: Hand axe          |    14 |       ||    14
       Dagger            |     4 |       ||     4
 Cast: Necrotise         |    63 |       ||    63
  Use: Scroll            |     4 |       ||     4
       Potion            |     1 |       ||     1
Armor: Robe              |     8 |       ||     8
       Leather armour    |     8 |       ||     8
Dodge: Dodged            |    19 |       ||    19
Block: Other             |     1 |       ||     1

Table legend: (Time is in decaauts)
 A = Elapsed time spent in this place.
 B = Non-inter-level travel time spent in this place.
 C = Inter-level travel time spent in this place.
 D = Time resting spent in this place.
 E = Time spent auto-exploring this place.
 F = Levels seen in this place.
 G = Mean time per level.
                   A        B        C        D        E       F      G
               +--------+--------+--------+--------+--------+-----+--------+
         Total |   2090 |   2050 |     40 |    342 |   1387 |   2 | 1045.0 |
       Dungeon |   2090 |   2050 |     40 |    342 |   1387 |   2 | 1045.0 |
               +--------+--------+--------+--------+--------+-----+--------+

Top non-repeatable levels by time:
     D:1: 1403 daAuts
     D:2: 686 daAuts
